 Dungeon Crawl Stone Soup version 0.25-a0-1137-g7f6bfe439b (webtiles) character file.

Game seed: 7823355057650768535, levelgen mode: deterministic

119 HoaS the Shooter (level 4, -1/38 HPs)
             Began as a Centaur Hunter on May 23, 2020.
             Slain by a giant cockroach (2 damage)
             ... on level 3 of the Dungeon.
             The game lasted 00:09:14 (2446 turns).

HoaS the Shooter (Centaur Hunter)                   Turns: 2446, Time: 00:09:15

Health: -1/38      AC:  9    Str: 15    XL:     4   Next: 74%
Magic:  4/4        EV:  2    Int: 10    God:
Gold:   148        SH:  0    Dex: 10    Spells: 3/3 levels left

rFire    . . .     SeeInvis .     - Unarmed
rCold    . . .     Gourm    .   (no shield)
rNeg     . . .     Faith    .   r - +0 plate armour
rPois    .         Spirit   .   (no helmet)
rElec    .         Reflect  .   m - +0 cloak
rCorr    .         Harm     .   (no gloves)
MR       .....                  (no barding)
Stlth    ..........             (no amulet)
HPRegen  0.12/turn              (no ring)
MPRegen  0.09/turn              (no ring)

@: lethally poisoned (-1 -> -1), very quick
A: large, hooves 3, deformed body, speed 2, tough skin 3
a: no special abilities


You were on level 3 of the Dungeon.
You were hungry.

You visited 1 branch of the dungeon, and saw 3 of its levels.

You collected 148 gold pieces.

Inventory:

Hand Weapons
 b - a +0 short sword
 w - a +1 shortbow
Missiles
 d - 11 arrows (quivered)
Armour
 m - a +0 cloak (worn)
 r - a +0 plate armour (worn)
Jewellery
 i - an uncursed ring of protection from fire
 l - a +6 ring of strength {unknown}
 o - an uncursed amulet of guardian spirit {unknown}
 q - an uncursed ring of fire {unknown}
Scrolls
 g - 3 scrolls of remove curse {unknown}
 j - a scroll of random uselessness {unknown}
 p - a scroll of teleportation {unknown}
Potions
 a - a potion of mutation {unknown}
 c - a potion of degeneration {unknown}
 e - a potion of haste
 h - a potion of curing {unknown}
 k - a potion of lignification {unknown}
 n - a potion of berserk rage {unknown}
Comestibles
 f - 6 rations


   Skills:
 * Level 3.5 Fighting
 * Level 6.5 Bows
 - Level 1.3 Dodging
 - Level 0.4 Stealth
 + Level 1.7 Unarmed Combat


You had 3 spell levels left.
You didn't know any spells.
Your spell library was empty.

Dungeon Overview and Level Annotations

Branches:
Dungeon (3/15)

Altars:


Innate Abilities, Weirdness & Mutations

You have hooves in place of feet.
Armour fits poorly on your strangely shaped body.
You cover ground very quickly.
You have extremely tough skin. (AC +3)


Message History

The giant cockroach bites you but does no damage.
The adder bites you but does no damage.
The giant cockroach bites you but does no damage.
The adder bites you but does no damage. The giant cockroach bites you.
* * * LOW HITPOINT WARNING * * *
The adder bites you but does no damage.
You feel sick. The giant cockroach bites you.
* * * LOW HITPOINT WARNING * * *
The adder bites you but does no damage. The giant cockroach barely misses you.
The adder bites you but does no damage. x2; The giant cockroach bites you.
* * * LOW HITPOINT WARNING * * *
The adder bites you but does no damage.
The giant cockroach bites you but does no damage.
The adder bites you but does no damage. The giant cockroach bites you.
* * * LOW HITPOINT WARNING * * *
You feel sick. The adder bites you.
* * * LOW HITPOINT WARNING * * *
The giant cockroach bites you.
You die...

.. .. #.
#. #. ##.
#.S####.#
#.s@....#
#..#######
(... ####


You could see an adder and a giant cockroach.

Vanquished Creatures
  7 gnolls (D:2)
  An adder (D:2)
  An ooze (D:2)
  2 dart slugs
  A ball python (D:2)
  A giant cockroach (D:2)
  5 goblins
  3 hobgoblins
  3 jackals (D:1)
  3 quokkas (D:2)
  A bat (D:2)
  A frilled lizard (D:2)
  3 kobolds
  4 rats
36 creatures vanquished.

Notes
Turn   | Place    | Note
-------+----------+-------------------------------------------
     0 | D:1      | HoaS the Centaur Hunter began the quest for the Orb.
     0 | D:1      | Reached XP level 1. HP: 17/17 MP: 1/1
   495 | D:1      | Reached XP level 2. HP: 22/24 MP: 2/2
  1244 | D:2      | Reached skill level 1 in Unarmed Combat
  1411 | D:2      | Reached XP level 3. HP: 30/30 MP: 3/3
  1542 | D:2      | Reached skill level 6 in Bows
  1606 | D:2      | Reached XP level 4. HP: 38/38 MP: 4/4
  2446 | D:3      | HP: 1/38 [adder (2)]
  2446 | D:3      | Slain by a giant cockroach

Illustrated notes

Levels and vault maps discovered:
D:1:      psy_arrival_spokes, layout_rooms, chequers_jeans, minmay_domino_2
D:2:      layout_basic
D:3:      layout_basic, fedhas_altar_2, minitemple, minmay_misc_feat_iff

Skill      XL: |  1  2  3 |
---------------+----------+-----
Unarmed Combat | 1 |  1.7
Bows           | 6 |  6.5
Fighting       | 3 |  3.5
Dodging        | |  1.3
Stealth        | |  0.4

Action                   |  1- 3 |  4- 6 || total
-------------------------+-------+-------++-------
Melee: Unarmed           |   101 |    27 ||   128
       Kick              |    21 |     7 ||    28
 Fire: Shortbow          |    22 |    16 ||    38
  Eat: Chunk             |     1 |     2 ||     3
Armor: Leather armour    |    38 |     4 ||    42
       Plate armour      |       |    77 ||    77
Dodge: Dodged            |    40 |    15 ||    55

Table legend:
 A = Non-vault XP
 B = Vault XP
 C = Vault XP percentage of total XP
 D = Non-vault monster count
 E = Vault monster count
 F = Vault count percentage of total count
                 A         B        C        D         E       F
            +---------+---------+-------+---------+---------+-------
      Total |     170 |       1 |   0.6 |      35 |       1 |   2.8
            +---------+---------+-------+---------+---------+-------
        D:1 |      21 |       1 |   4.5 |      10 |       1 |   9.1
        D:2 |     149 |       0 |   0.0 |      25 |       0 |   0.0
            +---------+---------+-------+---------+---------+-------
